 Dungeon Crawl Stone Soup version 0.30.1 (webtiles) character file.

Game seed: 6749835976679187988

437 safid the Chiller (level 7, -5/54 HPs)
             Began as a Merfolk Ice Elementalist on July 13, 2023.
             Was a Follower of Vehumet.
             Slain by a wraith (10 damage)
             ... in an ossuary.
             The game lasted 00:09:26 (3229 turns).

safid the Chiller (Merfolk Ice Elementalist)        Turns: 3229, Time: 00:09:27

Health: -5/54      AC:  5    Str:  9    XL:     7   Next: 1%
Magic:  13/13      EV: 12    Int: 16    God:    Vehumet [*.....]
Gold:   166        SH:  0    Dex: 14    Spells: 7/14 levels left

rFire   . . .        k - +1 dagger (flame)
rCold   . . .        (no shield)
rNeg    . . .        s - +2 robe {Will+}
rPois   .            h - +0 helmet
rElec   .            (no cloak)
rCorr   +            (no gloves)
SInv    .            (no boots)
Will    +....        c - amulet of magic regeneration
Stlth   ++           o - ring of resist corrosion
HPRegen 0.29/turn    (no ring)
MPRegen 0.53/turn

%: no passive effects
@: slowed, very slow
A: (nimble swimmer 2), mertail
a: Renounce Religion


You were in an ossuary.
You worshipped Vehumet.
Vehumet was aware of your devotion.
You visited 1 branch of the dungeon, and saw 4 of its levels.
You also visited: Ossuary.

You collected 166 gold pieces.

Inventory:

Hand Weapons
 k - a +1 dagger of flaming (weapon)
Armour
 h - a +0 helmet (worn)
 s - a +2 robe of willpower (worn)
Jewellery
 c - an amulet of magic regeneration (around neck)
 o - a ring of resist corrosion (left hand)
Scrolls
 a - a scroll of torment {unknown}
 d - 2 scrolls of teleportation {unknown}
 f - a scroll of identify {unknown}
 m - 2 scrolls of amnesia {unknown}
 p - a scroll of butterflies {unknown}
 t - 2 scrolls of enchant armour {unknown}
 u - a scroll of enchant weapon {unknown}
Potions
 b - a potion of magic
 e - 2 potions of curing {unknown}
 g - a potion of berserk rage {unknown}
 i - a potion of mutation {unknown}
 j - a potion of invisibility {unknown}
 n - a potion of degeneration {unknown}
 q - a potion of haste {unknown}
 r - a potion of lignification {unknown}


   Skills:
 + Level 4.1 Fighting
 - Level 2.6 Dodging
 - Level 2.1 Stealth
 + Level 4.1 Spellcasting
 + Level 6.2 Ice Magic


You had 7 spell levels left.
You knew the following spells:

 Your Spells              Type           Power      Damage    Failure   Level
a - Freeze                Ice            92%        1d9       1%          1
b - Frozen Ramparts       Ice            46%        1d7       3%          3
c - Ozocubu's Armour      Ice            23%        N/A       3%          3

Your spell library contained the following spells:

 Spells                   Type           Power      Damage    Failure   Level
 Foxfire                  Conj/Fire      12%        2x1d4     17%         1
 Summon Ice Beast         Ice/Summ       13%        N/A       41%         4
 Conjure Ball Lightning   Conj/Air       1%         3x3d6     100%        6
 Discord                  Hex            1%         N/A       100%        8
 Disjunction              Tloc           1%         N/A       100%        8


Dungeon Overview and Level Annotations

Branches:
Dungeon (4/15)            Ossuary (1/1)
 Temple: D:4-7

Altars:
Trog
Vehumet

Annotations:
D:2 1 runed translucent door, Crazy Yiuf
D:3 2 transporters


Innate Abilities, Weirdness & Mutations

((You are very nimble when in or above water. (Stealth+, EV+, Speed+++)))
Your lower body shifts to a powerful aquatic tail in water.


Message History

Aiming: Freeze (safe; 1% risk of failure)
Press: ? - help, Shift-Dir - straight line, f/p - wraith
Aim: a wraith (severely damaged)
You freeze the wraith.
The wraith resists.
The wraith is severely damaged.
The wraith hits you.
* * * LOW HITPOINT WARNING * * *
The wraith closely misses you.
Casting: Freeze (safe; 1% risk of failure)
Confirm with . or Enter, or press ? or * to list all spells.
Aiming: Freeze (safe; 1% risk of failure)
Press: ? - help, Shift-Dir - straight line, f/p - wraith
Aim: a wraith (severely damaged)
You freeze the wraith but do no damage.
The wraith completely resists.
The wraith hits you.
* * * LOW HITPOINT WARNING * * *
Unknown command.
Casting: Freeze (safe; 1% risk of failure)
Confirm with . or Enter, or press ? or * to list all spells.
Aiming: Freeze (safe; 1% risk of failure)
Press: ? - help, Shift-Dir - straight line, f/p - wraith
Aim: a wraith (severely damaged)
You freeze the wraith.
The wraith resists.
The wraith is severely damaged.
The wraith hits you but does no damage. The wraith hits you.
* * * LOW HITPOINT WARNING * * *
Okay, then.
Casting: Freeze (safe; 1% risk of failure)
Confirm with . or Enter, or press ? or * to list all spells.
Aiming: Freeze (safe; 1% risk of failure)
Press: ? - help, Shift-Dir - straight line, f/p - wraith
Aim: a wraith (severely damaged)
You freeze the wraith.
The wraith resists.
The wraith is severely damaged.
Your icy armour evaporates.
The wraith barely misses you.
You hit the wraith but do no damage.
The wraith is severely damaged.
The wraith hits you!
You die...

####### #....∩# #....∩#
######'''############
##........#@.........##
##.........#W..........##
##..........#............##
#...........#.............#
#....8......#'#......8....#
#...8#8....##.##....8#8...#
#....8...####.####...8....#
#.......## #.# ##.......#
#......## $!! ##......#


You could see a wraith.

Vanquished Creatures
  A water moccasin zombie (Ossuary)
  2 bullfrog zombies (Ossuary)
  3 centaur zombies (Ossuary)
  3 scorpion zombies (Ossuary)
  Robin (D:2)
  2 adders
  3 adder zombies (Ossuary)
  3 worms (D:2)
  5 orcs (D:3)
  7 endoplasms
  2 giant cockroaches (D:1)
  4 gnoll zombies (Ossuary)
  17 goblins
  9 hobgoblins
  4 jackals (D:2)
  4 quokkas
  5 ball pythons
  3 bats
  A frilled lizard (D:1)
  4 goblin zombies (Ossuary)
  3 hobgoblin zombies (Ossuary)
  7 kobolds
  3 orc zombies (Ossuary)
  5 rats
101 creatures vanquished.

Notes
Turn   | Place    | Note
-------+----------+-------------------------------------------
     0 | D:1      | safid the Merfolk Ice Elementalist began the quest for the
                  | Orb.
     0 | D:1      | Reached XP level 1. HP: 13/13 MP: 3/3
   248 | D:1      | Reached XP level 2. HP: 20/20 MP: 5/5
   320 | D:1      | Reached skill level 1 in Fighting
   863 | D:2      | Reached XP level 3. HP: 21/26 MP: 1/6
  1064 | D:2      | Learned a level 3 spell: Frozen Ramparts
  1068 | D:2      | Learned a level 3 spell: Ozocubu's Armour
  1172 | D:2      | You fall into a shaft and drop 1 floor!
  1221 | D:2      | Reached skill level 5 in Ice Magic
  1221 | D:2      | Reached XP level 4. HP: 31/33 MP: 8/8
  1257 | D:2      | Found a runed translucent door.
  1258 | D:2      | Noticed Crazy Yiuf
  1294 | D:2      | Noticed Robin
  1340 | D:2      | Killed Robin
  1711 | D:3      | Found a transporter.
  1722 | D:3      | Found a transporter.
  1807 | D:3      | Found a bloodstained altar of Trog.
  1853 | D:3      | Found a radiant altar of Vehumet.
  1860 | D:3      | Became a worshipper of Vehumet
  2009 | D:3      | Reached XP level 5. HP: 39/39 MP: 7/9
  2326 | D:4      | Found a sand-covered staircase.
  2335 | Ossuary  | Entered an ossuary
  2712 | Ossuary  | Reached * piety under Vehumet
  2712 | Ossuary  | Offered knowledge of Foxfire by Vehumet.
  2793 | Ossuary  | Reached XP level 6. HP: 42/47 MP: 11/11
  2975 | Ossuary  | Reached skill level 6 in Ice Magic
  3186 | Ossuary  | Reached XP level 7. HP: 53/54 MP: 13/13
  3193 | Ossuary  | Noticed a wraith
  3229 | Ossuary  | Slain by a wraith

Illustrated notes

Levels and vault maps discovered:
D:1:      saegor_arrival_simple_e, layout_basic, minmay_misc_feat_pillars
D:2:      layout_rooms, skrybe_limestone_x, uniq_robin, uniq_crazy_yiuf_cottage
D:3:      gammafunk_steamed_eel, layout_loops_ring,
          mainiacjoe_overflow_24_doors, lemuel_round_altar
D:4:      corexii_shack_village, layout_basic, enter_ossuary_1,
          gammafunk_ghost_cemetery
Ossuary:  ossuary_hellmonk_silent_tomb

Skill      XL: |  1  2  3  4  5  6 |
---------------+-------------------+-----
Fighting       | 1 2 3 4 |  4.1
Ice Magic      | 5 6 |  6.2
Spellcasting   | 3 4 |  4.1
Dodging        | |  2.6
Stealth        | |  2.1

Action                     |  1- 3 |  4- 6 |  7- 9 || total
---------------------------+-------+-------+-------++-------
  Melee: Dagger            |    43 |   276 |    24 ||   343
         Punch             |     2 |     4 |     1 ||     7
   Cast: Freeze            |    55 |    11 |     5 ||    71
         Frozen Ramparts   |       |    12 |     2 ||    14
         Ozocubu's Armour  |       |    11 |     1 ||    12
    Use: Potion            |       |     1 |       ||     1
   Stab: Sleeping          |     3 |     3 |       ||     6
         Distracted        |       |     1 |       ||     1
 Armour: Robe              |    12 |   178 |    11 ||   201
  Dodge: Dodged            |    70 |   244 |    18 ||   332
